cohdb
Replays
Latest Replays
All Replays
Popular Replays
Top Player Replays
Match Explorer
How It Works
Community
CoH3 Stats
Reddit
Sign in to upload your games and track your stats! →
Sign in with Steam
Match 46201373
Unlisted
Match 46201373
Overview
Messages
Build Orders
End
Construct Barracks
Riflemen Squad
Riflemen Squad
Grenade Package
Riflemen Squad
Mechanized Support Center
Construct Motor Pool
M1 Anti-tank Gun Team
M8 Greyhound Armored Car
Selects Special Operations Battlegroup
Selects M29 Weasel Recon Vehicle
Selects Mark Vehicle
Construct Medical Station
Engineer Squad
Designate Forward Repair Station
M8 Greyhound Armored Car
M1 Anti-tank Gun Team
M1918 Browning Automatic Rifles
M4A1 76mm Conversion
Selects M4A1 Sherman Whizbang
M4A1 Sherman Whizbang
Selects Raiding Flares
Raiding Flares
M4A1 Sherman Whizbang
Riflemen Squad
Improvised Armor
Raiding Flares
Mark Vehicle
M4A1 Sherman Whizbang
Selects SSF Commando Squad
Selects Assault Operation
M4A1 Sherman Whizbang
Mark Vehicle
Raiding Flares
Engineer Squad
Mark Vehicle
Raiding Flares
M4A1 Sherman Whizbang
Mark Vehicle
Mark Vehicle
M4A1 Sherman Whizbang
Mark Vehicle
Raiding Flares
M24 Chaffee Light Tank
Kampfstärke
Faenor
John Stuart Chill
Trusty Rumbone
_Nemez_
Fallenschirmjäger
0
0
Comments
sign in to comment!
No comments posted yet!